 Dungeon Crawl Stone Soup version 0.31-a0-765-g67fe2935dc (webtiles) character file.

Game seed: 336766020352881105

198 Dirtsage the Chopper (level 5, -4/61 HPs)
             Began as a Demonspawn Berserker on Sept 15, 2023.
             Was a Believer of Trog.
             Slain by a killer bee (5 damage)
             ... on level 7 of the Dungeon.
             The game lasted 00:05:09 (2509 turns).

Dirtsage the Chopper (Demonspawn Berserker)         Turns: 2509, Time: 00:05:09

Health: -4/61      AC: 10    Str: 19    XL:     5   Next: 47%
Magic:  5/5        EV:  9    Int:  8    God:    Trog [**....]
Gold:   156        SH:  0    Dex: 13    Spells: 4/4 levels left

rFire   + . .        l - +0 war axe
rCold   + . .        (no shield)
rNeg    . . .        f - +0 chain mail
rPois   .            k - +0 helmet
rElec   .            o - +0 cloak
rCorr   .            (no gloves)
SInv    .            (no boots)
Will    ++...        (no amulet) Stlth
                     I - ring of protection from cold
HPRegen 1.30/turn    F - ring of protection from fire
MPRegen 0.09/turn

%: no passive effects
@: berserking, lethally poisoned (-4 -> -7), strong-willed, regenerating, very
quick
A: hooves 2, sturdy frame 1
a: Renounce Religion, Berserk, Trog's Hand


You were on level 7 of the Dungeon.
You worshipped Trog.
Trog was pleased with you.
You visited 1 branch of the dungeon, and saw 5 of its levels.

You collected 156 gold pieces.

Inventory:

Hand Weapons
 l - a +0 war axe (weapon)
Armour
 f - a +0 chain mail (worn)
 k - a +0 helmet (worn)
 o - a +0 cloak (worn)
Jewellery
 F - a ring of protection from fire (right hand)
 I - a ring of protection from cold (left hand)
 N - a ring of positive energy
Wands
 n - a wand of flame (24)
Scrolls
 c - a scroll of amnesia {unknown}
 d - a scroll of fear {unknown}
 g - 2 scrolls of noise {unknown}
 i - 2 scrolls of revelation {unknown}
 m - a scroll of immolation {unknown}
Potions
 a - a potion of mutation {unknown}
 e - 2 potions of brilliance {unknown}
 j - 5 potions of enlightenment {unknown}


   Skills:
 - Level 3.0 Fighting
 + Level 5.7 Axes
 - Level 1.7 Armour
 - Level 1.7 Dodging


You had 4 spell levels left.
You didn't know any spells.
Your spell library was empty.

Dungeon Overview and Level Annotations

Branches:
Dungeon (4/15)
 Temple: D:4-7

Altars:
Hepliaklqana


Innate Abilities, Weirdness & Mutations

You have hoof-like feet.
Your movements are slightly less encumbered by armour. (ER -2)


Message History

The killer bee stings you but does no damage.
The killer bee barely misses you.
The killer bee stings you but does no damage.
You take 6 damage, and have 20/41 hp.
A red film seems to cover your vision as you go berserk!
You feel yourself moving faster!
You feel mighty!
You feel very sick. The killer bee stings you.
The killer bee stings you but does no damage.
The killer bee stings you. The killer bee barely misses you.
The killer bee stings you but does no damage.
The killer bee stings you.
* * * LOW HITPOINT WARNING * * *
You now have 18/61 hp.
You barely miss the killer bee. You hit the killer bee.
You barely miss the killer bee.
You feel sick. The killer bee stings you.
* * * LOW HITPOINT WARNING * * *
You are more poisoned.
The killer bee poisons you!
The killer bee stings you but does no damage.
The killer bee stings you.
* * * LOW HITPOINT WARNING * * *
The killer bee stings you but does no damage.
The killer bee closely misses you. The killer bee barely misses you.
You take 9 damage, and have 9/61 hp.
You barely miss the killer bee. Your kick misses the killer bee.
You barely miss the killer bee. You miss the killer bee.
You feel sick.
The killer bee stings you but does no damage. x2
The killer bee barely misses you.
You take 1 damage, and have 8/61 hp.
You closely miss the killer bee. Your kick misses the killer bee.
You closely miss the killer bee. You slash the killer bee!
You kill the killer bee!
Trog accepts your kill.
You feel very sick. The killer bee stings you.
* * * LOW HITPOINT WARNING * * *
The killer bee stings you but does no damage. x2
The killer bee stings you.
You die...

#. ... #####. ..
#..... .. #.....
.# #..... .#
#.$...#.######
#....yyy....?.
#@.......
#.)......
########........
#...............
#...............
#...............
#...........####
#........##.#
#........# .#


You could see 3 killer bees.

Vanquished Creatures
  A killer bee (D:7)
  Crazy Yiuf (D:3)
  An orc priest (D:4)
  Robin (D:3)
  3 adders (D:2)
  A gnoll (D:1)
  A worm (D:2)
  2 dart slugs (D:1)
  6 orcs
  7 ball pythons
  7 endoplasms
  A giant cockroach (D:2)
  17 goblins
  9 hobgoblins
  4 jackals (D:3)
  A quokka (D:1)
  8 bats
  A frilled lizard (D:3)
  2 kobolds
74 creatures vanquished.

Notes
Turn   | Place    | Note
-------+----------+-------------------------------------------
     0 | D:1      | Dirtsage the Demonspawn Berserker began the quest for the
                  | Orb.
     0 | D:1      | Reached XP level 1. HP: 18/18 MP: 1/1
    50 | D:1      | Reached skill level 3 in Axes
    50 | D:1      | Gained mutation: You have large cloven feet. [demonic
                  | ancestry]
    50 | D:1      | Reached XP level 2. HP: 24/24 MP: 2/2
   410 | D:1      | Reached XP level 3. HP: 13/29 MP: 3/3
   768 | D:1      | Found a faded altar of an unknown god.
   987 | D:2      | Reached skill level 4 in Axes
  1272 | D:2      | Reached ** piety under Trog
  1288 | D:2      | Gained mutation: Your movements are slightly less
                  | encumbered by armour. (ER -2) [demonic ancestry]
  1288 | D:2      | Reached XP level 4. HP: 35/35 MP: 4/4
  1802 | D:3      | Noticed Robin
  1804 | D:3      | Found a hazy altar of Hepliaklqana.
  1849 | D:3      | Killed Robin
  1850 | D:3      | Reached skill level 5 in Axes
  2183 | D:3      | Found a runed translucent door.
  2184 | D:3      | Noticed Crazy Yiuf
  2191 | D:3      | Killed Crazy Yiuf
  2192 | D:3      | Gained mutation: You have hoof-like feet. [demonic
                  | ancestry]
  2192 | D:3      | Reached XP level 5. HP: 41/41 MP: 5/5
  2429 | D:4      | You fall into a shaft and drop 3 floors!
  2470 | D:7      | Identified the +0 long sword "Duyt" {holy, rC+ Int-2 Dex+3
                  | Stlth+}
  2509 | D:7      | HP: 1/61 [killer bee (5)]
  2509 | D:7      | Slain by a killer bee

Illustrated notes

Levels and vault maps discovered:
D:1:      minmay_arrival_doors, layout_basic, dilly_ecumenical_altar_fadedgnrine
D:2:      layout_basic
D:3:      layout_rooms, mainiacjoe_overflow_cross_hatched, wad_floor_pattern_1,
          uniq_robin, uniq_crazy_yiuf_cottage
D:4:      layout_layer_cave, nicolae_overflow_hidden_temple, minmay_pentangle
D:7:      minmay_angry_zag, layout_basic, serial_bayou, serial_bayou_shore_b,
          serial_bayou_pond_c, serial_bayou_shore_b, serial_bayou_ford_a,
          grunt_decor_fettered, uniq_duvessa, uniq_pikel

Skill      XL: |  1  2  3  4 |
---------------+-------------+-----
Axes           | 3 4 5 |  5.7
Fighting       | |  3.0
Armour         | |  1.7
Dodging        | |  1.7

Action                     |  1- 3 |  4- 6 || total
---------------------------+-------+-------++-------
  Melee: Hand axe          |    86 |    71 ||   157
         Kick              |    13 |    21 ||    34
         War axe           |       |    21 ||    21
 Invoke: Berserk           |     2 |     3 ||     5
         Trog's Hand       |       |     1 ||     1
   Stab: Sleeping          |     1 |       ||     1
 Armour: Animal skin       |    45 |       ||    45
         Chain mail        |     8 |    98 ||   106
  Dodge: Dodged            |    48 |    39 ||    87

Table legend: (Time is in decaauts)
 A = Elapsed time spent in this place.
 B = Non-inter-level travel time spent in this place.
 C = Inter-level travel time spent in this place.
 D = Time resting spent in this place.
 E = Time spent auto-exploring this place.
 F = Levels seen in this place.
 G = Mean time per level.
                   A        B        C        D        E       F      G
               +--------+--------+--------+--------+--------+-----+--------+
         Total |   2555 |   2448 |    107 |    190 |   1827 |   5 |  511.0 |
       Dungeon |   2555 |   2448 |    107 |    190 |   1827 |   5 |  511.0 |
               +--------+--------+--------+--------+--------+-----+--------+

Top non-repeatable levels by time:
     D:1: 982 daAuts
     D:2: 730 daAuts
     D:3: 594 daAuts
     D:4: 169 daAuts
     D:7: 78 daAuts
